 Dungeon Crawl Stone Soup version 0.18.1-50-g88ac8fd (webtiles) character file.

363 magog001 the Covered (level 6, -1/53 HPs)
             Began as a Minotaur Fighter on Nov 15, 2017.
             Slain by Prince Ribbit (9 damage)
             ... on level 5 of the Dungeon on Dec 2, 2017.
             The game lasted 00:19:01 (3151 turns).

magog001 the Covered (Minotaur Fighter)             Turns: 3151, Time: 00:19:02

Health: -1/53      AC: 13    Str: 23    XL:     6   Next: 39%
Magic:  5/5        EV:  5    Int: 14    God:
Gold:   89         SH: 10    Dex:  9    Spells: 0 memorised, 5 levels left

rFire  + . .     SeeInvis .     a - +0 war axe
rCold  x . .     Gourm    .     C - +1 plate armour of the Solstice {rPois rCorr Int+9}
rNeg   . . .     Faith    .     c - +0 shield
rPois  +         Spirit   .     (helmet restricted)
rElec  .         Dismiss  .     (no cloak)
rCorr  +         Reflect  .     (no gloves)
SustAt .         Harm     .     (no boots)
MR     .....                    (no amulet)
Stlth  ..........               b - ring of fire
                                u - ring of poison resistance

@: not resistant to hostile enchantments, extremely unstealthy
A: retaliatory headbutt, horns 2
a: no special abilities


You were on level 5 of the Dungeon.
You were not hungry.

You visited 1 branch of the dungeon, and saw 5 of its levels.

You collected 167 gold pieces.
You spent 78 gold pieces at shops.

Inventory:

Hand Weapons
 a - a +0 war axe (weapon)
 k - a +0 hunting sling
Missiles
 l - 41 stones
 n - 8 poisoned needles
 x - 15 sling bullets
 D - 6 poisoned javelins (quivered)
Armour
 c - a +0 shield (worn)
 C - the +1 plate armour of the Solstice (worn) {rPois rCorr Int+9}
   (You found it on level 4 of the Dungeon)

   It affects your intelligence (+9).
   It protects you from poison.
   It protects you from acid and corrosion.
Jewellery
 b - a ring of fire (right hand)
 u - a ring of poison resistance (left hand)
Wands
 r - a wand of lightning (14/15)
 s - a wand of disintegration (17/24)
 y - a wand of polymorph (12/24)
Scrolls
 g - a scroll of amnesia {unknown}
 i - a scroll of immolation {unknown}
 m - 3 scrolls of remove curse
 o - a scroll of recharging
 p - a scroll of enchant weapon {unknown}
 A - a scroll of enchant armour {unknown}
 B - a scroll of teleportation {unknown}
Potions
 d - 2 potions of might
 j - a potion of beneficial mutation {unknown}
 q - a potion of degeneration {unknown}
 t - a potion of brilliance
 v - 5 potions of curing
 w - a potion of resistance {unknown}
Comestibles
 f - 6 bread rations
 h - 8 fruits
 z - a beef jerky


   Skills:
 + Level 4.6 Fighting
 * Level 3.9 Axes
 * Level 5.7 Armour
 - Level 1.8 Dodging
 * Level 5.6 Shields


You had 5 spell levels left.
You didn't know any spells.

Dungeon Overview and Level Annotations

Branches:
Dungeon (5/15)
 Temple: D:4-7

Altars:
Cheibriados
Pakellas

Shops:
D:4 !

Annotations:
D:5 Prince Ribbit


Innate Abilities, Weirdness & Mutations

You reflexively headbutt those who attack you in melee.
You have a pair of horns on your head.


Message History

Prince Ribbit is lightly wounded.
You block Prince Ribbit's attack.
Prince Ribbit hits you but does no damage.
Your plate armour of the Solstice prevents you from hitting Prince Ribbit.
Prince Ribbit is lightly wounded.
Prince Ribbit hits you but does no damage.
You slash Prince Ribbit!
Prince Ribbit is heavily wounded.
You block Prince Ribbit's attack. Prince Ribbit hits you!
Prince Ribbit hits you but does no damage.
You miss Prince Ribbit. You headbutt Prince Ribbit.
Prince Ribbit is heavily wounded.
Prince Ribbit hits you!
* * * LOW HITPOINT WARNING * * *
Prince Ribbit blinks!
Prince Ribbit blinks!
Items here: )) [ † a short sword; a trident; a chain mail; an orc corpse Prince Ribbit hits you!
You die...

... ########.#
##$##.#...##
#...........
#...........
#........<.. #####
###....#
#.....#.)F.)<##..##
........)@[.........
...[....)†[.........
....................
....................
#...######+####..###
#... ..# #.. ../. +.
..


You could see Prince Ribbit.

Vanquished Creatures
  A scorpion (D:4)
  A crimson imp (D:4)
  An orc priest (D:5)
  A hound (D:4)
  Ijyb (D:3)
  2 orc wizards (D:5)
  3 adders
  2 oozes (D:1)
  An adder skeleton (D:3)
  5 worms
  A dart slug (D:1)
  3 giant geckos
  7 orcs
  2 ball pythons
  4 giant cockroaches
  3 hobgoblins
  11 jackals
  2 quokkas
  9 bats
  5 giant newts
  12 goblins
  3 kobolds (D:1)
  8 rats
88 creatures vanquished.

Notes
Turn   | Place    | Note
--------------------------------------------------------------
     0 | D:1      | magog001 the Minotaur Fighter began the quest for the Orb.
     0 | D:1      | Reached XP level 1. HP: 19/19 MP: 0/0
   129 | D:1      | Found a snail-covered altar of Cheibriados.
   174 | D:1      | Reached XP level 2. HP: 27/27 MP: 1/1
   667 | D:1      | Reached XP level 3. HP: 32/33 MP: 2/2
  1618 | D:3      | Noticed Ijyb
  1626 | D:3      | Killed Ijyb
  1626 | D:3      | Reached XP level 4. HP: 16/41 MP: 3/3
  1899 | D:3      | Reached skill level 1 in Dodging
  2569 | D:4      | Reached XP level 5. HP: 43/47 MP: 4/4
  2609 | D:4      | Reached skill level 5 in Armour
  2609 | D:4      | Reached skill level 5 in Shields
  2766 | D:4      | Found an oddly glowing altar of Pakellas.
  2776 | D:4      | Got a spiked plate armour
  2805 | D:4      | Identified the cursed +1 plate armour of the Solstice {rPois rCorr Int+9} (You found it on level 4 of the Dungeon)
  2948 | D:4      | Found Lups's Distillery.
  2954 | D:4      | Bought 2 potions of curing for 78 gold pieces
  3090 | D:5      | Entered Level 5 of the Dungeon
  3093 | D:5      | Noticed Prince Ribbit
  3098 | D:5      | Reached XP level 6. HP: 53/53 MP: 5/5
  3151 | D:5      | Slain by Prince Ribbit

Skill      XL: |  1  2  3  4  5 |
---------------+----------------+-----
Fighting       | 4 |  4.6
Armour         | 4 5 |  5.7
Shields        | 4 5 |  5.6
Axes           | 3 |  3.9
Dodging        | 1 |  1.8

Action                   |  1- 3 |  4- 6 || total
-------------------------+-------+-------++-------
Melee: War axe           |    77 |   112 ||   189
       Headbutt          |    13 |    22 ||    35
  Use: Scroll            |       |     3 ||     3
       Potion            |       |     2 ||     2
  Eat: Chunk             |     2 |     3 ||     5
       Royal jelly       |       |     1 ||     1
Armor: Scale mail        |    34 |    29 ||    63
       Plate armour      |       |    28 ||    28
Dodge: Dodged            |    36 |    37 ||    73
Block: Shield            |    48 |    70 ||   118
